 Dungeon Crawl Stone Soup version 0.18.1-48-g4cf74bf (webtiles) character file.

821383 Peloso the Swordmaster (level 27, -16/273 HPs)
             Began as a Minotaur Fighter on July 29, 2016.
             Was a High Priest of Okawaru.
             Killed from afar by an electric golem (32 damage)
             ... with a bolt of lightning
             ... on level 4 of the Realm of Zot on July 30, 2016.
             The game lasted 07:30:04 (114120 turns).

Peloso the Swordmaster (Minotaur Fighter)         Turns: 114120, Time: 07:30:05

Health: -16/273    AC: 47    Str: 38    XL:     27
Magic:  0/33       EV: 18    Int:  2    God:    Okawaru [*****.]
Gold:   10427      SH: 37    Dex: 29    Spells: 0 memorised, 28 levels left

rFire  + + .     SeeInvis +     g - +9 double sword (flame)
rCold  + + .     Gourm    .     K - +9 gold dragon armour
rNeg   + + +     Faith    .     v - +1 large shield {rC+ rF+}
rPois  +         Spirit   +     O - +2 hat of the Bear Spirit {Spirit, +Rage rN+ MR++}
rElec  .         Dismiss  .     u - +2 cloak of the Chupacabra {Dex+6}
rCorr  .         Reflect  +     l - +1 pair of gloves {Dex+3}
SustAt .         Harm     .     G - +2 pair of boots "Bupasch" {rN++ Str+4}
MR     +++++                    J - amulet of Sedda {Reflect rPois Dex+2 SH+5}
Stlth  ..........               D - ring "Touph" {rN+ Int-2 Dex+5}
                                x - ring of Ganuhywe {MR+ Str+4 SInv Stlth+}

@: corroded, almost entirely resistant to hostile enchantments, extremely
unstealthy
A: retaliatory headbutt, horns 2, yellow scales 1, deterioration 1, dopey 1, low
mp 1, sense surroundings 1, regeneration 1, MP-powered wands, sturdy frame 1
a: Heroism, Finesse, Renounce Religion, Evoke Berserk Rage
}: 5/15 runes: barnacled, slimy, silver, golden, gossamer


You were on level 4 of the Realm of Zot.
You worshipped Okawaru.
Okawaru was extremely pleased with you.
You were near starving.

You visited 14 branches of the dungeon, and saw 64 of its levels.
You visited 4 bazaars.
You also visited: Ice Cave and Wizlab.

You collected 12800 gold pieces.
You spent 2373 gold pieces at shops.

Inventory:

Hand Weapons
 g - a +9 double sword of flaming (weapon)
 H - the +5 scimitar "Imoock" {freeze, rPois}
   (Okawaru gifted it to you on level 2 of the Realm of Zot)

   It has been specially enchanted to freeze those struck by it, causing extra
   injury to most foes and up to half again as much damage against particularly
   susceptible opponents.
   It can also slow down cold-blooded creatures.
   It protects you from poison.
 R - a +4 double sword of holy wrath
Armour
 l - a +1 pair of gloves of dexterity (worn)
 u - the +2 cloak of the Chupacabra (worn) {Dex+6}
   (Okawaru gifted it to you on level 8 of the Lair of Beasts)

   It affects your dexterity (+6).
 v - a +1 large shield of resistance (worn)
 A - a +0 pair of boots of flying
 G - the +2 pair of boots "Bupasch" (worn) {rN++ Str+4}
   (You found it on level 7 of the Dungeon)

   It affects your strength (+4).
   It greatly protects you from negative energy.
 K - a +9 gold dragon armour (worn)
 O - the +2 hat of the Bear Spirit (worn) {Spirit, +Rage rN+ MR++}
   (You bought it in a shop on level 10 of the Dungeon)

   It protects you from negative energy.
   It affects your resistance to hostile enchantments.
   It lets you go berserk.
Jewellery
 r - an uncursed amulet of the gourmand
 x - the ring of Ganuhywe (left hand) {MR+ Str+4 SInv Stlth+}
   (You took it off a deep elf mage on level 1 of the Elven Halls)

   [ring of see invisible]

   It affects your strength (+4).
   It affects your resistance to hostile enchantments.
   It lets you see invisible.
   It makes you more stealthy.
 D - the ring "Touph" (right hand) {rN+ Int-2 Dex+5}
   (You found it on level 3 of the Crypt)

   [ring of positive energy]

   It affects your intelligence (-2).
   It affects your dexterity (+5).
   It protects you from negative energy.
 J - the amulet of Sedda (around neck) {Reflect rPois Dex+2 SH+5}
   (You bought it in a shop in a bazaar)

   [amulet of reflection]

   It shields you and reflects attacks.
   It affects your dexterity (+2).
   It protects you from poison.
   It affects your SH (+5).
 P - the ring "Los Suteela" {*Contam rC+++ rN+ Str+2 SInv}
   (You found it on level 3 of the Depths)

   [ring of see invisible]

   It affects your strength (+2).
   It renders you almost immune to cold.
   It protects you from negative energy.
   It lets you see invisible.
   It causes magical contamination when unequipped.
Wands
 c - a wand of heal wounds (1/9)
 m - a wand of digging (12/24)
 w - a wand of slowing (24/48)
 C - a wand of polymorph (15/24)
 I - a wand of digging (14/24)
 W - a wand of disintegration (10/24)
 Y - a wand of hasting (5/9)
Scrolls
 a - 6 scrolls of fear
 e - 35 scrolls of remove curse
 h - 17 scrolls of identify
 i - a scroll of blinking
 j - 2 scrolls of silence
 o - 4 scrolls of magic mapping
 p - 19 scrolls of teleportation
 y - a scroll of amnesia
 E - 5 scrolls of enchant weapon
 L - 5 scrolls of recharging
 U - 8 scrolls of summoning
Potions
 b - 5 potions of heal wounds
 d - 5 potions of ambrosia
 k - 15 potions of curing
 n - a potion of berserk rage
 q - 4 potions of agility
 s - 13 potions of haste
 z - 6 potions of invisibility
 B - 2 potions of brilliance
 N - a potion of magic
 V - 5 potions of might
 X - 7 potions of resistance
Miscellaneous
 M - a figurine of a ziggurat
Comestibles
 f - 37 bread rations
 t - 3 meat rations
 F - a beef jerky


   Skills:
 O Level 27 Fighting
 O Level 27 Long Blades
 + Level 2.1 Throwing
 O Level 27 Armour
 + Level 9.0 Dodging
 + Level 13.2 Stealth
 O Level 27 Shields
 + Level 2.4 Unarmed Combat
 + Level 1.4 Spellcasting
 + Level 21.6 Invocations
 + Level 12.4 Evocations


You had 28 spell levels left.
You didn't know any spells.

Dungeon Overview and Level Annotations

Branches:
Dungeon (15/15)            Temple (1/1) D:6            Lair (8/8) D:10
 Shoals (4/4) Lair:4       Spider (4/4) Lair:6        Slime (6/6) Lair:8
    Orc (2/2) D:12            Elf (3/3) Orc:2        Vaults (5/5) D:14
  Crypt (3/3) Vaults:2       Tomb (3/3) Crypt:3      Depths (5/5) D:15
   Hell (1/1)                 Zot (4/5) Depths:5
    Dis: Hell:1         Geh: Hell:1         Coc: Hell:1         Tar: Hell:1

Altars:
Ashenzari
Cheibriados
Fedhas
Gozag
Kikubaaqudgha
Makhleb
Nemelex Xobeh
Okawaru
Pakellas
Qazlal
Ru
Sif Muna
Trog
Vehumet
Xom
Yredelemnul
Zin
The Shining One
Beogh
Jiyva
Lugonu

Shops:
D:7 (   D:10 [   Orc:2 :?(}   Elf:1 =   Elf:3 [   Shoals:1 %   Vaults:1 [[(*

Portals:
Hell: Lair:8 Depths:1 Depths:2 Depths:3 Depths:4 Depths:5
Abyss: Depths:2 Depths:4 Depths:5
Pandemonium: Depths:1 Depths:3 Depths:4
Ziggurat: Depths:4

Annotations:
Hell Geryon


Innate Abilities, Weirdness & Mutations

You reflexively headbutt those who attack you in melee.
You have a pair of horns on your head.
You are partially covered in yellow scales (AC +2).
Your body sometimes deteriorates upon taking damage.
You are dopey. (Int -2)
Your magical capacity is low (-10% MP).
You passively map a small area around you.
Your natural rate of healing is unusually fast.
You expend magic power (3 MP) to strengthen your wands.
Your movements are slightly less encumbered by armour (ER -2).


Message History

The electric golem misses you.
The yellow draconian knight hits you with a glaive of distortion!
* * * LOW HITPOINT WARNING * * *
Space bends around you.
* * * LOW HITPOINT WARNING * * *
You slash the yellow draconian knight! You burn the yellow draconian knight.
The yellow draconian knight is moderately wounded.
You block the electric golem's attack. The electric golem hits you.
* * * LOW HITPOINT WARNING * * *
The electric golem shocks you!
* * * LOW HITPOINT WARNING * * *
You block the electric golem's attack. x2
The yellow draconian knight completely misses you.
You hit the electric golem.
The electric golem is heavily damaged.
You block the electric golem's attack. x3
The electric golem hits you but does no damage.
The electric golem hurls lightning at you.
The bolt of lightning hits you!
You die...

* * #...#,, * , * ..#
#..#* , ###### , , #..#
#.##* , , .....
,....###)## * * * #....
.....##))## #.... *
......#.).##########....
#....)..................
##.....q8.).............
##...#@................
##..##.........%......
##.,##...%...........
#*, ################ * *
* * ** ** , , * ** ** **


You could see an electric golem and a yellow draconian knight (invisible).

Vanquished Creatures
  the Royal Jelly (Slime:6)
  Khufu (Crypt:1)
  4 ancient liches
  An orb of fire (Zot:2)
  Mara (Vaults:3)
  Mennas (Vaults:2)
  Boris (twice) (Vaults:4 Crypt:1)
  36 greater mummies
  Sojobo (Vaults:2)
  Saint Roka (Vaults:1)
  Norris (Vaults:2)
  Frederick (Vaults:2)
  A curse toe (Zot:3)
  10 golden dragons
  A bone dragon (Crypt:3)
  Jory (Vaults:4)
  A mutant beast (WizLab)
  4 electric golems
  An Ice Fiend (IceCv)
  Jorgrun (Elf:2)
  8 liches
  The ghost of krepi the Executioner, an adept MiFi of the Shining One (Shoals:4)
  19 tentacled monstrosities
  Asterion (Elf:1)
  3 deep elf blademasters
  A deep elf master archer (Elf:3)
  5 titans
  A quicksilver dragon (Vaults:4)
  2 krakens (Shoals:4)
  7 death cobs
  27 acid blobs
  12 sphinxes
  8 ancient champions
  Gastronok (Lair:1)
  11 storm dragons
  The ghost of DarthKuruptios the Severer, an adept MiBe of Trog (IceCv)
  6 tengu reavers
  A shadow dragon (shapeshifter) (Elf:2)
  7 shadow dragons
  The ghost of tape the Markself, an adept HEWz of Okawaru (Shoals:1)
  Ilsuiw (Shoals:3)
  13 azure jellies
  5 draconian monks
  4 revenants
  10 fire giants
  3 iron dragons
  Maud (Depths:2)
  2 draconian knights (Zot:2)
  Aizul (Shoals:3)
  Wiglaf (Crypt:1)
  2 cacodemons
  11 frost giants
  10 deep elf sorcerers
  15 vault wardens
  6 draconian scorchers
  A draconian zealot (Zot:4)
  3 emperor scorpions (Spider:4)
  10 ghouls
  7 ghost moths
  3 curse skulls
  An orc warlord (Orc:1)
  A balrug (Depths:5)
  4 draconian shifters
  17 ironheart preservers
  2 deep elf elementalists (Elf:3)
  A spriggan defender (Depths:4)
  18 very ugly things
  6 draconian annihilators
  6 war gargoyles
  21 stone giants
  2 draconian callers (Zot:2)
  7 green draconians
  6 vampire knights
  9 deep elf demonologists
  12 bennus
  10 purple draconians
  6 white draconians
  11 deep elf annihilators
  7 spark wasps
  14 red draconians
  A salamander stormcaller (Vaults:5)
  9 mottled draconians
  4 black draconians
  4 yellow draconians
  6 eidola
  14 ettins
  27 mummy priests
  Snorg (D:11)
  5 death oozes (Slime:6)
  4 merfolk impalers
  8 deep elf death magi
  A green death (Depths:3)
  5 merfolk javelineers
  3 crystal guardians (Crypt:3)
  A quicksilver dragon zombie (Tomb:1)
  18 fire dragons
  A minotaur (shapeshifter) (Vaults:5)
  12 jiangshi
  Josephine (Lair:4)
  11 entropy weavers
  8 deep elf high priests
  35 vault guards
  12 great orbs of eyes
  16 ice dragons
  The ghost of Gargoyl the Protected, a journeyman DsAK of Lugonu (Orc:1)
  2 ghost crabs (shapeshifter)
  12 yaktaur captains
  6 spriggan air magi
  5 rakshasas
  16 hydras
  An anaconda (shapeshifter) (Vaults:2)
  6 satyrs
  Erolcha (Orc:2)
  2 alligator snapping turtles
  3 death yaks (Lair:7)
  3 merfolk avatars
  9 death knights
  38 dancing weapons
  15 ogre magi
  The ghost of Doomgape the Brawler, a novice TrMo of Ru (D:12)
  6 merfolk aquamancers
  8 centaur warriors
  A queen ant (Spider:1)
  3 tengu warriors
  11 deep troll shamans
  17 deep troll earth magi
  4 spriggan berserkers
  7 vampire magi
  A titan zombie (Crypt:2)
  12 hell knights
  An orc high priest (Orc:2)
  An iron golem (WizLab)
  4 sun demons
  17 deep elf knights
  7 soul eaters
  A spectral emperor scorpion (Spider:4)
  10 shadow wraiths
  A spectral anaconda (Depths:2)
  3 iron trolls
  42 death scarabs
  A storm dragon zombie (Tomb:1)
  4 unseen horrors (shapeshifter)
  57 skeletal warriors
  A sea snake (shapeshifter) (WizLab)
  A fire crab (shapeshifter) (WizLab)
  10 flayed ghosts
  A giant orange brain (shapeshifter) (Depths:2)
  5 unseen horrors
  An anaconda zombie (Crypt:2)
  A death drake (Depths:2)
  5 giant orange brains
  43 deep trolls
  5 wizards
  15 deep elf archers
  An infernal demonspawn (Depths:3)
  3 shadow dragon zombies
  2 golden dragon zombies (Crypt:3)
  11 ironbrand convokers
  7 hill giants
  A spectral wolf spider (Spider:4)
  25 anubis guards
  A harpy (shapeshifter) (Vaults:3)
  2 spectral hydras (Depths:2)
  8 wolf spider zombies
  44 harpies
  17 necromancers
  8 large abominations
  13 sea snakes
  Pikel (D:4)
  2 orange crystal statues (Depths:2)
  22 orb spiders
  An iron dragon zombie (Crypt:3)
  2 orb spiders (shapeshifter)
  17 phantasmal warriors
  An oklob plant (Lair:7)
  A mana viper (shapeshifter) (Depths:4)
  3 mana vipers (Depths:2)
  A fire giant zombie (Tomb:1)
  62 deep elf magi
  10 orc sorcerers
  18 orc knights
  A salamander (shapeshifter) (WizLab)
  A shadow dragon skeleton (Tomb:2)
  14 griffons
  18 fauns
  6 hornets
  35 wolf spiders
  A cyclops (shapeshifter) (D:13)
  18 manticores
  12 shining eyes
  40 ugly things
  25 elephants
  A dire elephant zombie (Crypt:2)
  9 sirens
  2 fire giant skeletons
  An iron dragon skeleton (Crypt:2)
  20 moths of wrath
  7 cyclopes
  4 black mambas
  A guardian serpent (shapeshifter) (WizLab)
  A frost giant skeleton (Tomb:2)
  13 vault sentinels
  An apis skeleton (Crypt:1)
  6 water nymphs
  2 torpor snails
  3 centaur zombies
  3 ice statues (IceCv)
  2 stone giant skeletons
  6 eyes of devastation
  The ghost of smzp the Shield-Bearer, a novice FoFi (D:5)
  A spiny frog (shapeshifter) (WizLab)
  5 spectral redbacks (Spider:4)
  4 smoke demons
  A gargoyle (D:13)
  2 human zombies
  10 spiny frogs
  4 orange demons (Lair:8)
  A komodo dragon (shapeshifter) (WizLab)
  A dire elephant skeleton (Crypt:3)
  20 freezing wraiths
  4 rime drakes
  An efreet (D:15)
  16 demonic crawlers
  10 komodo dragons
  5 anaconda simulacra
  8 hellwings
  A spark wasp simulacrum (Depths:2)
  2 rime drakes (shapeshifter) (WizLab)
  A spectral merfolk (Depths:2)
  49 yaktaurs
  A yaktaur (shapeshifter) (WizLab)
  2 elves (WizLab)
  A spriggan zombie (Depths:2)
  54 guardian mummies
  A redback zombie (Spider:4)
  12 ice devils
  A harpy zombie (Crypt:2)
  A ghost moth simulacrum (Crypt:1)
  2 merfolk (shapeshifter)
  A purple draconian skeleton (Crypt:1)
  A golden dragon simulacrum (IceCv)
  7 trolls
  A troll (shapeshifter) (WizLab)
  42 jumping spiders
  18 merfolk
  7 red devils
  A hydra zombie (Crypt:1)
  2 catoblepas skeletons (Crypt:2)
  4 tengu conjurers
  2 wolf spider simulacra
  A minotaur skeleton (Crypt:3)
  23 two-headed ogres
  2 two-headed ogres (shapeshifter)
  3 jumping spiders (shapeshifter) (WizLab)
  3 spectral tarantellas (Spider:4)
  2 spectral hornets (Spider:4)
  13 wind drakes
  A queen bee (shapeshifter) (Vaults:3)
  3 polar bears
  A polar bear (shapeshifter) (WizLab)
  A shadow dragon simulacrum (Crypt:1)
  3 raiju (Depths:2)
  2 spectral jumping spiders (Spider:4)
  Grinder (D:4)
  3 bog bodies
  A hornet zombie (Spider:4)
  An iron dragon simulacrum (Crypt:2)
  13 ushabtiu
  11 snapping turtles
  117 slime creatures
  A snapping turtle (shapeshifter) (Vaults:4)
  19 blink frogs
  6 boulder beetles
  An ice dragon zombie (Crypt:1)
  2 tarantella zombies (Spider:4)
  A raiju (shapeshifter) (WizLab)
  2 ettin zombies
  67 flying skulls
  A fire dragon zombie (Crypt:2)
  24 air elementals
  A spriggan skeleton (Depths:2)
  A fire dragon skeleton (Crypt:3)
  2 tarantellas (shapeshifter)
  21 water elementals
  82 redbacks
  2 ice dragon skeletons
  7 shadows
  A black mamba zombie (Tomb:1)
  3 wyverns
  2 ettin skeletons
  2 vampires
  3 dire elephant simulacra
  2 wyverns (shapeshifter)
  26 wraiths
  47 tarantellas
  5 basilisks
  A black mamba skeleton (Crypt:1)
  3 humans
  20 hippogriffs
  2 hogs (shapeshifter) (WizLab)
  A golden eye (shapeshifter) (Vaults:5)
  11 golden eyes
  2 fire elementals
  60 yaks
  A hippogriff (shapeshifter) (WizLab)
  A human (shapeshifter) (WizLab)
  23 vampire mosquitoes
  14 insubstantial wisps (Depths:1)
  A hungry ghost (D:8)
  A harpy simulacrum (IceCv)
  17 wargs
  4 mottled dragons
  An iron troll simulacrum (IceCv)
  A spiny frog zombie (Crypt:3)
  A hydra simulacrum (IceCv)
  A soldier ant (shapeshifter) (WizLab)
  12 soldier ants (Spider:1)
  A minotaur simulacrum (Depths:2)
  10 hell hounds
  7 giant eyeballs
  11 porcupines
  Duvessa (D:5)
  A deep troll skeleton (Crypt:1)
  13 water moccasins
  A spectral troll (Depths:2)
  A spectral spriggan (Depths:2)
  A spiny frog skeleton (Crypt:3)
  A swamp dragon zombie (Tomb:2)
  A wasp (shapeshifter) (Vaults:5)
  4 black bears
  11 ice beasts
  An ettin simulacrum (Crypt:2)
  47 orc warriors
  4 sky beasts
  2 slaves (D:4)
  12 eyes of draining
  An ogre (shapeshifter) (D:15)
  44 ogres
  2 phantoms
  3 snapping turtle zombies (Depths:2)
  13 boggarts
  3 necrophages
  38 wolves
  29 centaurs
  18 crocodiles
  A big kobold (D:11)
  2 wyvern zombies
  30 giant frogs
  4 earth elementals
  A gnoll sergeant (D:8)
  2 yaktaur skeletons (Vaults:1)
  Dowan (D:5)
  9 small abominations (WizLab)
  2 scorpions
  A troll zombie (Crypt:2)
  2 spectral nagas (Depths:2)
  A spectral ogre (Depths:2)
  9 killer bees
  An orc simulacrum (Vaults:1)
  15 wights
  2 howler monkeys
  30 jellies
  3 spectral centaurs (Depths:2)
  A vampire bat (D:4)
  4 electric eels
  11 crimson imps
  8 centaur skeletons
  A soldier ant zombie (Crypt:1)
  16 orc priests
  2 hounds
  44 orc wizards
  3 giant frog skeletons
  12 iguanas
  A two-headed ogre skeleton (Crypt:1)
  12 hell rats
  22 worker ants
  2 spriggan simulacra (Depths:2)
  2 troll simulacra (Depths:2)
  4 sheep (Lair:4)
  A tengu skeleton (Crypt:3)
  2 hound zombies
  2 hound skeletons
  63 mummies
  A howler monkey skeleton (D:7)
  7 adders
  12 gnolls
  71 river rats
  4 shadow imps
  A swamp drake skeleton (Crypt:2)
  An ooze (D:2)
  A halfling zombie (Crypt:1)
  2 adder skeletons
  A sheep skeleton (Crypt:1)
  6 worms
  2 dart slugs
  7 fire bats
  8 giant geckos
  115 orcs
  2 spectral bats (D:4)
  A ball python (D:2)
  16 bats
  3 bat skeletons (D:4)
  A bat zombie (D:4)
  5 giant cockroaches
  9 goblins
  3 hobgoblins
  10 jackals
  9 kobolds
  2 quokkas
  A bat simulacrum (D:4)
  A giant gecko skeleton (D:6)
  6 giant newts
  A hobgoblin zombie (Crypt:2)
  A jackal skeleton (D:4)
  A kobold zombie (Crypt:3)
  A quokka skeleton (D:8)
  3 rats (D:1)
  A spectral orc (D:5)
  A bush (Lair:2)
  3 fungi
  3 plants
  11 tentacles (Shoals:4)
3602 creatures vanquished.

Vanquished Creatures (others)
  A deep elf master archer (Elf:3)
  2 ancient champions (Tomb:2)
  2 draconian zealots
  2 bennus (Tomb:2)
  An ettin (Vaults:4)
  2 merfolk javelineers
  4 yaktaur captains
  An ice dragon (Depths:2)
  An alligator snapping turtle (Shoals:4)
  A satyr (Shoals:4)
  A storm dragon skeleton (Tomb:2)
  A skeletal warrior (Tomb:2)
  59 death scarabs
  A deep elf archer (Elf:1)
  An anubis guard (Tomb:1)
  3 orc knights
  A cyclops (Vaults:2)
  A water nymph (Shoals:4)
  12 yaktaurs
  A guardian mummy (Tomb:2)
  A wind drake (Depths:1)
  An alligator zombie (Tomb:2)
  11 flying skulls
  2 tarantellas
  A water elemental (Elf:3)
  2 vampire mosquitoes (Vaults:2)
  A snapping turtle zombie (Tomb:2)
  An orc priest (D:15)
  An orc wizard (Orc:2)
  5 mummies
  19 ball lightnings (Depths:1)
  An orc (Orc:2)
  5 fungi (Lair:8)
  10 lost souls
  8 plants
  18 tentacles (Shoals:4)
  1561 tentacle segments (Shoals:4)
1746 creatures vanquished.

Grand Total: 5348 creatures vanquished

Notes
Turn   | Place    | Note
--------------------------------------------------------------
     0 | D:1      | Peloso the Minotaur Fighter began the quest for the Orb.
     0 | D:1      | Reached XP level 1. HP: 19/19 MP: 0/0
   129 | D:1      | Reached XP level 2. HP: 24/27 MP: 1/1
   699 | D:1      | Reached XP level 3. HP: 28/33 MP: 2/2
  1332 | D:2      | Reached skill level 1 in Dodging
  1917 | D:2      | Reached XP level 4. HP: 41/41 MP: 3/3
  2504 | D:3      | Found a bloodstained altar of Trog.
  2568 | D:4      | Noticed an ogre
  2578 | D:4      | Killed an ogre
  2578 | D:4      | Reached XP level 5. HP: 32/47 MP: 4/4
  2793 | D:4      | Reached skill level 5 in Armour
  2830 | D:4      | Reached skill level 5 in Shields
  2919 | D:4      | Reached XP level 6. HP: 55/55 MP: 5/5
  3061 | D:4      | Noticed Grinder
  3077 | D:4      | Paralysed by Grinder for 2 turns
  3086 | D:4      | Killed Grinder
  3086 | D:4      | Reached skill level 5 in Fighting
  3269 | D:4      | Reached XP level 7. HP: 61/61 MP: 6/6
  3504 | D:5      | Entered Level 5 of the Dungeon
  3504 | D:5      | Noticed Pikel
  3697 | D:4      | Killed Pikel
  3697 | D:4      | Reached skill level 5 in Long Blades
  3697 | D:4      | Reached XP level 8. HP: 70/70 MP: 7/7
  3749 | D:5      | Found a glowing golden altar of the Shining One.
  3751 | D:5      | Found a blossoming altar of Fedhas.
  3751 | D:5      | Noticed Dowan
  3753 | D:5      | Noticed Duvessa
  3771 | D:5      | Killed Duvessa
  3786 | D:5      | Killed Dowan
  3921 | D:5      | Found a basalt altar of Yredelemnul.
  3938 | D:5      | Found a basalt altar of Yredelemnul.
  3970 | D:5      | Noticed smzp's ghost (novice FoFi)
  3978 | D:5      | Killed smzp's ghost
  4623 | D:6      | Reached XP level 9. HP: 36/78 MP: 8/8
  4935 | D:6      | Found a snail-covered altar of Cheibriados.
  5043 | D:6      | Found a staircase to the Ecumenical Temple.
  5052 | Temple   | Entered the Ecumenical Temple
  5084 | Temple   | Became a worshipper of Warmaster Okawaru
  5490 | D:7      | Found a shimmering altar of Xom.
  5535 | D:7      | Found an oddly glowing altar of Pakellas.
  5704 | D:7      | Found Moqod's Weapon Shop.
  5726 | D:7      | Reached * piety under Okawaru
  5915 | D:7      | Got a pair of bloodstained boots
  5930 | D:7      | Identified the +2 pair of boots "Bupasch" {rN++ Str+4} (You found it on level 7 of the Dungeon)
  6703 | D:8      | Found a shattered altar of Ashenzari.
  6783 | D:8      | Reached skill level 10 in Shields
  6926 | D:8      | Reached ** piety under Okawaru
  7168 | D:8      | Reached XP level 10. HP: 88/88 MP: 9/9
  7821 | D:9      | Reached *** piety under Okawaru
  7858 | D:9      | Reached skill level 10 in Armour
  8044 | D:10     | Entered Level 10 of the Dungeon
  8224 | D:10     | Noticed a hill giant
  8233 | D:10     | Killed a hill giant
  8286 | D:10     | Found Sis Guh's Armour Emporium.
  8291 | D:10     | Bought the +2 hat of the Bear Spirit {Spirit, +Rage rN+ MR++} for 391 gold pieces
  8493 | D:10     | Found a staircase to the Lair.
  8528 | D:10     | Reached **** piety under Okawaru
  8880 | D:11     | Noticed a cyclops
  8888 | D:11     | Killed a cyclops
  8888 | D:11     | Reached XP level 11. HP: 87/95 MP: 10/10
  9031 | D:11     | Noticed Snorg
  9041 | D:11     | Killed Snorg
  9041 | D:11     | Reached ***** piety under Okawaru
  9041 | D:11     | Reached skill level 1 in Stealth
  9313 | D:11     | Got a smoking hand axe
  9314 | D:11     | Identified the +11 hand axe "Ymeupogo" {chop, rElec MP+9 Stlth+} (You found it on level 11 of the Dungeon)
  9331 | D:11     | Noticed a cyan ugly thing
  9344 | D:11     | Killed a cyan ugly thing
  9623 | D:11     | Noticed a hill giant
  9631 | D:11     | Killed a hill giant
  9724 | D:11     | Reached skill level 10 in Long Blades
  9777 | D:11     | Received a gift from Okawaru
  9886 | D:12     | Noticed Doomgape's ghost (novice TrMo)
  9993 | D:12     | Killed Doomgape's ghost
 10080 | D:12     | Killed an unseen horror
 10231 | D:12     | Received a gift from Okawaru
 10295 | D:12     | Found a staircase to the Orcish Mines.
 10335 | D:12     | Noticed a cyan ugly thing
 10365 | D:12     | Reached XP level 12. HP: 93/106 MP: 9/11
 10432 | D:12     | Reached skill level 1 in Invocations
 10575 | D:12     | Reached skill level 15 in Shields
 10597 | D:12     | Found a sparkling altar of Nemelex Xobeh.
 10653 | D:12     | You fall through a shaft for 3 floors!
 10653 | D:15     | Entered Level 15 of the Dungeon
 10653 | D:15     | Noticed a fire dragon
 10656 | D:15     | Noticed an ettin
 10656 | D:15     | Noticed a centaur warrior
 10681 | D:15     | Found a flickering gateway to a bazaar.
 10687 | Bazaar   | Entered a bazaar
 10687 | Bazaar   | Found Gammoebb's Distillery.
 10687 | Bazaar   | Found Utonyodae's Distillery.
 10687 | Bazaar   | Found Fots's General Store.
 10687 | Bazaar   | Found Juysiodd's Distillery.
 10689 | Bazaar   | Found Achepp's Antique Weapon Emporium.
 10744 | Bazaar   | Bought a potion of might for 28 gold pieces
 10744 | Bazaar   | Bought a potion of might for 28 gold pieces
 10747 | Bazaar   | Bought a potion of heal wounds for 35 gold pieces
 10747 | Bazaar   | Bought a potion of haste for 70 gold pieces
 10761 | Bazaar   | Bought a scroll of teleportation for 27 gold pieces
 10761 | Bazaar   | Bought a +2 cloak of poison resistance for 166 gold pieces
 10778 | Bazaar   | Bought a potion of haste for 70 gold pieces
 10802 | Bazaar   | Bought a potion of resistance for 100 gold pieces
 10918 | D:15     | Reached skill level 10 in Fighting
 10939 | D:15     | Noticed an ogre mage
 10963 | D:15     | Killed an ogre mage
 11062 | D:15     | Reached skill level 5 in Dodging
 11396 | D:15     | Got a pair of fine boots
 11418 | D:15     | Noticed a centaur warrior
 11429 | D:15     | Killed a centaur warrior
 11436 | D:15     | Reached ****** piety under Okawaru
 11502 | D:15     | Noticed an ogre mage
 11510 | D:15     | Killed an ogre mage
 11516 | D:15     | Killed an ettin
 11516 | D:15     | Received a gift from Okawaru
 11713 | D:15     | Noticed a centaur warrior
 11724 | D:15     | Killed a centaur warrior
 11751 | D:15     | Noticed a death knight
 11759 | D:15     | Noticed a tengu warrior
 11792 | D:14     | Noticed a five-headed hydra
 11797 | D:14     | Killed a one-headed hydra
 11797 | D:14     | Reached XP level 13. HP: 91/114 MP: 10/12
 12296 | D:12     | Gained mutation: You have a pair of large horns on your head. [potion of beneficial mutation]
 12306 | D:12     | Identified the +3 pair of boots "Nunkais" {rN+ Dex-4 SInv} (You found it on level 15 of the Dungeon)
 12562 | Lair:1   | Entered Level 1 of the Lair of Beasts
 12816 | Lair:1   | Noticed Gastronok
 12828 | Lair:1   | Killed Gastronok
 13439 | Lair:2   | Lost mutation: You have a pair of large horns on your head. [potion of cure mutation]
 13491 | Lair:2   | Received a gift from Okawaru
 15557 | Lair:4   | Found a staircase to the Shoals.
 16017 | Lair:5   | Received a gift from Okawaru
 16022 | Lair:5   | Got a pair of slimy boots {god gift}
 16033 | Lair:5   | Identified the +0 pair of boots "Edyiqur" {rPois MR+ rCorr} (Okawaru gifted it to you on level 5 of the Lair of Beasts)
 16096 | Lair:5   | Reached XP level 14. HP: 125/125 MP: 14/14
 16152 | Lair:5   | Noticed Josephine
 16184 | Lair:4   | Killed Josephine
 16219 | Lair:5   | Identified a scroll of acquirement
 16993 | Lair:6   | Found a hole to the Spider Nest.
 17919 | Lair:7   | Received a gift from Okawaru
 17982 | Lair:7   | Reached skill level 15 in Long Blades
 18070 | Lair:7   | Received a gift from Okawaru
 18474 | Lair:8   | Entered Level 8 of the Lair of Beasts
 18799 | Lair:8   | Found a staircase to the Slime Pits.
 18799 | Lair:8   | Found a viscous altar of Jiyva.
 19065 | Lair:8   | Got a transparent scale mail
 19080 | Lair:8   | Identified the +4 scale mail of Guiphoen {rElec rF+++ Str-4 Int-2} (You found it on level 8 of the Lair of Beasts)
 19348 | Lair:8   | Reached XP level 15. HP: 70/134 MP: 13/15
 19840 | Lair:8   | Found a burning altar of Makhleb.
 19962 | Lair:8   | Received a gift from Okawaru
 19965 | Lair:8   | Got a scorched cloak {god gift}
 19976 | Lair:8   | Identified the +2 cloak of the Chupacabra {Dex+6} (Okawaru gifted it to you on level 8 of the Lair of Beasts)
 20102 | Lair:8   | Found a gateway to Hell.
 20708 | Orc:1    | Entered Level 1 of the Orcish Mines
 20757 | Orc:1    | You fall through a shaft!
 20757 | Orc:2    | Entered Level 2 of the Orcish Mines
 20757 | Orc:2    | Found a staircase to the Elven Halls.
 20760 | Orc:2    | Noticed an orc warlord
 20814 | Orc:1    | Killed an orc warlord
 21170 | Orc:1    | Noticed Gargoyl's ghost (journeyman DsAK)
 21179 | Orc:1    | Killed Gargoyl's ghost
 21659 | Orc:2    | Found Vonolon's Gadget Emporium.
 21679 | Orc:2    | Found a radiant altar of Vehumet.
 21680 | Orc:2    | Noticed Erolcha
 21690 | Orc:2    | Killed Erolcha
 21706 | Orc:2    | Found Isunaise's Magic Scroll Emporium.
 21878 | Orc:2    | Found an ancient bone altar of Kikubaaqudgha.
 21909 | Orc:2    | Found a roughly hewn altar of Beogh.
 21933 | Orc:2    | Found Saylywotz's Antique Weapon Shoppe.
 21986 | Orc:2    | Found Veffa's Book Shoppe.
 22277 | Orc:2    | Bought a scroll of acquirement for 780 gold pieces
 22293 | Orc:2    | Identified a +0 pair of boots of running (You acquired it on level 2 of the Orcish Mines)
 23387 | D:14     | Received a gift from Okawaru
 23445 | D:14     | Found a gate to the Vaults.
 24065 | D:15     | Found a staircase to the Depths.
 24083 | D:15     | Reached XP level 16. HP: 117/146 MP: 13/16
 24647 | D:15     | Received a gift from Okawaru
 24650 | D:15     | Got a fine long sword {god gift}
 24651 | D:15     | Lost intelligence.
 24651 | D:15     | Identified the +6 long sword "Suad Hen" {venom, Str+10 Int-5} (Okawaru gifted it to you on level 15 of the Dungeon)
 25260 | Spider:1 | Entered Level 1 of the Spider Nest
 25280 | Spider:1 | Found a frozen archway.
 25326 | IceCv    | Entered an ice cave
 25372 | IceCv    | Noticed DarthKuruptios's ghost (adept MiBe)
 25405 | IceCv    | Killed DarthKuruptios's ghost
 25768 | IceCv    | Noticed an Ice Fiend
 25774 | IceCv    | Killed an Ice Fiend
 25774 | IceCv    | Reached skill level 1 in Evocations
 26681 | Spider:1 | Received a gift from Okawaru
 27072 | Spider:1 | Reached skill level 15 in Fighting
 28877 | Spider:3 | Reached XP level 17. HP: 93/156 MP: 9/17
 29145 | Spider:3 | Received a gift from Okawaru
 29851 | Spider:3 | Reached skill level 15 in Armour
 30350 | Spider:4 | Entered Level 4 of the Spider Nest
 32391 | Spider:4 | Got a pitted cloak
 32402 | Spider:4 | Identified the +0 cloak of Vures {rElec rC- rCorr Dex+2} (You acquired it on level 4 of the Spider Nest)
 32524 | Spider:4 | Received a gift from Okawaru
 33740 | Spider:4 | Received a gift from Okawaru
 33761 | Spider:4 | Got a polished scale mail {god gift}
 34028 | Spider:4 | Got a gossamer rune of Zot
 34264 | Lair:2   | Identified the +3 scale mail "Nomiv" {*Confuse Str+3 Int+2} (Okawaru gifted it to you on level 4 of the Spider Nest)
 34378 | Shoals:1 | Entered Level 1 of the Shoals
 34378 | Shoals:1 | Found Ohyf's Food Shoppe.
 34382 | Shoals:1 | Reached XP level 18. HP: 168/168 MP: 18/18
 34409 | Shoals:1 | Noticed tape's ghost (adept HEWz)
 34438 | Shoals:1 | Killed tape's ghost
 36062 | Shoals:2 | You fall through a shaft!
 36062 | Shoals:3 | Noticed Aizul
 36075 | Shoals:3 | Killed Aizul
 37073 | Shoals:2 | Received a gift from Okawaru
 37407 | Shoals:4 | Entered Level 4 of the Shoals
 38349 | Shoals:4 | Noticed Ilsuiw
 38721 | Shoals:3 | Killed Ilsuiw
 38721 | Shoals:3 | Reached XP level 19. HP: 112/177 MP: 11/19
 38887 | Shoals:4 | Noticed krepi's ghost (adept MiFi)
 39270 | Shoals:4 | Killed krepi's ghost
 39270 | Shoals:4 | Received a gift from Okawaru
 39294 | Shoals:4 | Got a distressingly furry chain mail {god gift}
 39309 | Shoals:3 | Identified the +7 chain mail of Jafom {rF- rN+ Int+3} (Okawaru gifted it to you on level 4 of the Shoals)
 40089 | Shoals:4 | Got a barnacled rune of Zot
 41367 | Elf:1    | Entered Level 1 of the Elven Halls
 41881 | Elf:1    | Identified the Reference Book on Creation
 41905 | Elf:1    | Noticed Asterion
 41913 | Elf:1    | Killed Asterion
 42253 | Elf:1    | Found Moinuomn's Jewellery Shoppe.
 42295 | Elf:1    | Got a coiled ivory ring
 42302 | Elf:1    | Identified the ring of Ganuhywe {MR+ Str+4 SInv Stlth+} (You took it off a deep elf mage on level 1 of the Elven Halls)
 42955 | Elf:2    | Found a huge runed gate.
 42955 | Elf:2    | Found a huge runed gate.
 42955 | Elf:2    | Found a huge runed gate.
 42955 | Elf:2    | Found a huge runed gate.
 42955 | Elf:2    | Found a huge runed gate.
 43023 | Elf:2    | Noticed Jorgrun
 43037 | Elf:2    | Killed Jorgrun
 44352 | Elf:2    | Received a gift from Okawaru
 44690 | Elf:3    | Entered Level 3 of the Elven Halls
 44725 | Elf:3    | Reached XP level 20. HP: 189/189 MP: 20/20
 44748 | Elf:3    | Found Gippeul's Armour Boutique.
 45545 | Elf:3    | Got a bloodstained scythe {freeze}
 45546 | Elf:3    | Identified the +10 scythe of Qoesemejill {freeze, Int+7 Dex+5} (You took it off a deep elf sorcerer on level 3 of the Elven Halls)
 46088 | Elf:3    | Received a gift from Okawaru
 47510 | Elf:3    | Got a faintly humming scale mail
 47521 | Elf:3    | Identified the cursed +1 scale mail of Notresch {rElec rN+} (You found it on level 3 of the Elven Halls)
 48179 | Vaults:1 | Entered Level 1 of the Vaults
 48249 | Vaults:1 | Found Gozag's Antique Armour Boutique.
 48549 | Vaults:1 | Found an opulent altar of Gozag.
 48557 | Vaults:1 | Found Gozag's Antique Weapon Shop.
 48560 | Vaults:1 | Found Gozag's Antique Armour Shop.
 48600 | Vaults:1 | Received a gift from Okawaru
 48801 | Vaults:1 | Received a gift from Okawaru
 49187 | Vaults:1 | Found Linezun's General Store.
 49695 | Vaults:1 | Reached XP level 21. HP: 199/199 MP: 22/22
 49700 | Vaults:1 | Received a gift from Okawaru
 49746 | Vaults:1 | Noticed Saint Roka
 49765 | Vaults:1 | Killed Saint Roka
 50535 | Vaults:2 | Noticed Sojobo
 50548 | Vaults:2 | Killed Sojobo
 50561 | Vaults:2 | Noticed Norris
 50574 | Vaults:2 | Killed Norris
 50631 | Vaults:2 | Found a magical portal.
 50812 | WizLab   | Entered Cigotuvi's Fleshworks
 51426 | WizLab   | Received a gift from Okawaru
 51489 | WizLab   | Paralysed by a giant eyeball for 3 turns
 51512 | WizLab   | Got a translucent amber ring
 51528 | WizLab   | Identified the ring of Xom's Sleight of Hands {rPois rF+ rC+ Str+6 Dex-5} (You found it in a wizard's laboratory)
 51882 | WizLab   | Identified Cigotuvi's Disquisition on Twisted Moulding
 51886 | WizLab   | Identified the Incunabulum of Changing
 52527 | Vaults:2 | Noticed Mennas
 52571 | Vaults:2 | Killed Mennas
 52582 | Vaults:2 | Received a gift from Okawaru
 52585 | Vaults:2 | Got a pair of ancient boots {god gift}
 52737 | Vaults:2 | Identified the +1 pair of boots "Fonoxt" {Int+4 Slay+2 Stlth+} (Okawaru gifted it to you on level 2 of the Vaults)
 52749 | Vaults:2 | Noticed Frederick
 52764 | Vaults:2 | Killed Frederick
 52998 | Vaults:2 | Gained mutation: You passively map a small area around you. [potion of beneficial mutation]
 52999 | Vaults:2 | Gained mutation: Your movements are slightly less encumbered by armour (ER -2). [potion of beneficial mutation]
 53000 | Vaults:2 | Gained mutation: Your mind is acute. (Int +2) [potion of beneficial mutation]
 53001 | Vaults:2 | Gained mutation: You are partially covered in yellow scales (AC +2). [potion of beneficial mutation]
 53002 | Vaults:2 | Gained mutation: You have an increased reservoir of magic (+10% MP). [potion of beneficial mutation]
 53366 | Vaults:2 | Reached XP level 22. HP: 173/211 MP: 20/25
 53522 | Vaults:2 | Found a staircase to the Crypt.
 53522 | Vaults:2 | Found a basalt altar of Yredelemnul.
 53523 | Vaults:2 | Found an ancient bone altar of Kikubaaqudgha.
 54122 | Vaults:3 | Identified the Volume of Hurtful Intoxication (You found it on level 3 of the Vaults)
 54241 | Vaults:3 | Received a gift from Okawaru
 54788 | Vaults:3 | Noticed Mara
 54801 | Vaults:3 | Noticed Peloso's illusion
 54809 | Vaults:3 | Noticed Peloso's illusion
 54809 | Vaults:3 | Killed Mara
 55217 | Vaults:4 | Found a gateway to a bazaar.
 55222 | Bazaar   | Entered a bazaar
 55223 | Bazaar   | Found Rediomui's Jewellery Emporium.
 55231 | Bazaar   | Bought the amulet of Sedda {Reflect rPois Dex+2 SH+5} for 444 gold pieces
 55232 | Bazaar   | Found Nooffad's Gadget Boutique.
 55233 | Bazaar   | Found Erchasem's Armour Boutique.
 55241 | Bazaar   | Found Faumesi's Weapon Shoppe.
 56419 | Vaults:5 | Entered Level 5 of the Vaults
 56736 | Vaults:4 | Received a gift from Okawaru
 56739 | Vaults:4 | Got an encrusted scale mail {god gift}
 56758 | Vaults:4 | Identified the +2 scale mail "Qidig" {rC+} (Okawaru gifted it to you on level 4 of the Vaults)
 57135 | Vaults:5 | Noticed Boris
 57153 | Vaults:4 | Killed Boris
 57153 | Vaults:4 | Reached XP level 23. HP: 132/220 MP: 17/26
 57724 | Vaults:5 | Noticed an ancient lich
 57736 | Vaults:5 | Killed an ancient lich
 58195 | Vaults:5 | Noticed Jory
 58264 | Vaults:4 | Killed Jory
 58264 | Vaults:4 | Received a gift from Okawaru
 58551 | Vaults:5 | Got a brightly glowing fire dragon armour
 58571 | Vaults:4 | Identified the cursed +0 fire dragon armour of Netuymn {*Corrode rF++ rC- MR+ Int+4} (You took it off an orc on level 5 of the Vaults)
 58810 | Vaults:5 | Got a warped lead ring
 58812 | Vaults:5 | Identified the ring "Ypriugg" {MR+ MP-9 SInv Stlth+} (You took it off a frost giant on level 5 of the Vaults)
 59560 | Vaults:5 | Got a pair of shimmering gloves
 59571 | Vaults:5 | Identified the +1 pair of gloves "Xutecega" {*Confuse rElec rN++} (You acquired it on level 5 of the Vaults)
 59596 | Vaults:5 | Reached skill level 27 in Long Blades
 59999 | Vaults:5 | Received a gift from Okawaru
 60736 | Vaults:5 | Identified the Guide on Bewitching Weightlessness (You found it on level 5 of the Vaults)
 61065 | Vaults:5 | Reached XP level 24. HP: 178/232 MP: 21/27
 61069 | Vaults:5 | Received a gift from Okawaru
 61932 | Vaults:5 | Got a silver rune of Zot
 62574 | Slime:1  | Entered Level 1 of the Pits of Slime
 62873 | Slime:1  | Received a gift from Okawaru
 63549 | Slime:2  | Gained mutation: Scrolls take you a little longer to read. [a shining eye]
 63552 | Slime:2  | Gained mutation: You are weak. (Str -2) [a shining eye]
 63567 | Slime:2  | Gained mutation: Your body sometimes deteriorates upon taking damage. [a shining eye]
 64418 | Lair:2   | Lost mutation: Your body sometimes deteriorates upon taking damage. [potion of cure mutation]
 64418 | Lair:2   | Lost mutation: You are weak. (Str -2) [potion of cure mutation]
 64418 | Lair:2   | Lost mutation: Scrolls take you a little longer to read. [potion of cure mutation]
 64418 | Lair:2   | Lost mutation: Your mind is acute. (Int +2) [potion of cure mutation]
 65942 | Slime:4  | Gained mutation: Your body sometimes deteriorates upon taking damage. [a shining eye]
 65946 | Slime:4  | Gained mutation: You expend magic power (3 MP) to strengthen your wands. [a shining eye]
 65972 | Slime:4  | Received a gift from Okawaru
 66947 | Slime:6  | Entered Level 6 of the Pits of Slime
 67357 | Slime:6  | Noticed the Royal Jelly
 67365 | Slime:6  | Killed the Royal Jelly
 67365 | Slime:6  | Reached XP level 25. HP: 236/245 MP: 20/27
 67588 | Slime:6  | Got a polished scale mail
 67599 | Slime:6  | Identified the +5 scale mail of Masochism {Str-4 Int+4 Dex+6} (You found it on level 6 of the Pits of Slime)
 67650 | Slime:6  | Got a slimy rune of Zot
 67653 | Slime:6  | Got a smoking chain mail
 67672 | Slime:6  | Identified the +0 chain mail "Gaopahet" {Regen+ Dex+4 Slay+2} (You found it on level 6 of the Pits of Slime)
 67753 | Slime:6  | Got a steaming chain mail
 67764 | Slime:6  | Identified the +8 chain mail of Orthodoxy {*Drain rElec MR+} (You found it on level 6 of the Pits of Slime)
 68925 | Depths:1 | Entered Level 1 of the Depths
 69209 | Depths:1 | Found a one-way gate leading to the halls of Pandemonium.
 70093 | Depths:1 | Reached skill level 27 in Shields
 70603 | Depths:2 | Received a gift from Okawaru
 71054 | Depths:3 | Found a glowing golden altar of the Shining One.
 71113 | Depths:2 | Noticed an ancient lich
 71115 | Depths:2 | Killed an ancient lich
 71713 | Depths:2 | Noticed Maud
 71719 | Depths:2 | Killed Maud
 71733 | Depths:2 | Got a slimy brass ring
 71750 | Depths:2 | Identified the ring of Spontaneous Combustion {Ice rElec} (You found it on level 2 of the Depths)
 71976 | Depths:2 | Received a gift from Okawaru
 72372 | Depths:2 | Found a one-way gate to the infinite horrors of the Abyss.
 73439 | Depths:3 | Got a coiled granite ring
 73446 | Depths:3 | Got a slimy copper ring
 74009 | Depths:4 | Found a gateway to a ziggurat.
 74028 | Depths:4 | Reached XP level 26. HP: 249/256 MP: 28/28
 74094 | Depths:4 | Found a flickering gateway to a bazaar.
 74099 | Bazaar   | Entered a bazaar
 74099 | Bazaar   | Found Upnaizxa's Jewellery Shoppe.
 74105 | Bazaar   | Found Plog's Antique Weapon Emporium.
 74119 | Bazaar   | Found Maremi's Assorted Antiques.
 74124 | Bazaar   | Found Naahin's Antique Weapon Boutique.
 74145 | Bazaar   | Identified the ring of Conversion {Wiz Str+4} (You took it off a fire giant on level 3 of the Depths)
 74147 | Bazaar   | Identified the ring "Los Suteela" {*Contam rC+++ rN+ Str+2 SInv} (You found it on level 3 of the Depths)
 75283 | Depths:4 | Received a gift from Okawaru
 75456 | Depths:5 | Entered Level 5 of the Depths
 75555 | Depths:5 | Found a flickering gateway to a bazaar.
 75563 | Depths:5 | Reached skill level 27 in Fighting
 75595 | Bazaar   | Entered a bazaar
 75610 | Bazaar   | Found Perchec's Distillery.
 75614 | Bazaar   | Bought a potion of might for 52 gold pieces
 75614 | Bazaar   | Bought a potion of heal wounds for 65 gold pieces
 75622 | Bazaar   | Found Myerch's Gadget Emporium.
 75648 | Bazaar   | Found Qauciov's Distillery.
 75652 | Bazaar   | Bought a potion of heal wounds for 65 gold pieces
 75652 | Bazaar   | Bought a potion of might for 52 gold pieces
 75696 | Bazaar   | Found Dekax's Gadget Emporium.
 75951 | Depths:5 | Received a gift from Okawaru
 76017 | Depths:5 | Received a gift from Okawaru
 76204 | Depths:5 | Found a gate to the Realm of Zot.
 77061 | Depths:5 | Found a corrupted altar of Lugonu.
 77096 | Depths:5 | Paralysed by a giant eyeball for 3 turns
 77731 | Hell     | Entered the Vestibule of Hell
 77731 | Hell     | Noticed Geryon
 77907 | Crypt:1  | Entered Level 1 of the Crypt
 77990 | Crypt:1  | Noticed Boris
 78002 | Crypt:1  | Killed Boris
 78139 | Crypt:1  | Noticed Wiglaf
 78149 | Crypt:1  | Killed Wiglaf
 78278 | Crypt:1  | Received a gift from Okawaru
 78284 | Crypt:1  | Reached XP level 27. HP: 262/269 MP: 27/28
 78301 | Crypt:1  | Reached skill level 1 in Throwing
 78301 | Crypt:1  | Reached skill level 1 in Unarmed Combat
 78301 | Crypt:1  | Reached skill level 1 in Spellcasting
 78301 | Crypt:1  | Reached skill level 5 in Invocations
 78337 | Crypt:1  | Gained mutation: Your muscles are strong. (Str +2) [potion of beneficial mutation]
 78339 | Crypt:1  | Gained mutation: Your natural rate of healing is unusually fast. [potion of beneficial mutation]
 78460 | Crypt:1  | Noticed Khufu
 78461 | Crypt:1  | Noticed a greater mummy
 78471 | Crypt:1  | Killed Khufu
 78483 | Crypt:1  | Killed a greater mummy
 79005 | Crypt:1  | Reached skill level 5 in Evocations
 80113 | Crypt:3  | Entered Level 3 of the Crypt
 81024 | Crypt:3  | Got a scintillating pewter ring
 81030 | Crypt:3  | Identified the ring of Boxair {Int+2 Stlth+} (You found it on level 3 of the Crypt)
 81078 | Crypt:3  | Reached skill level 27 in Armour
 81432 | Crypt:3  | Received a gift from Okawaru
 81541 | Crypt:3  | Found a staircase to the Tomb.
 81662 | Crypt:3  | Found an ancient bone altar of Kikubaaqudgha.
 81734 | Crypt:3  | Got a glittering bone ring
 81734 | Crypt:3  | Got a translucent amethyst amulet
 81734 | Crypt:3  | Got a twitching glass ring
 81736 | Crypt:3  | Got a transparent copper ring
 81745 | Crypt:3  | Identified the ring "Touph" {rN+ Int-2 Dex+5} (You found it on level 3 of the Crypt)
 81749 | Crypt:3  | Identified the ring "Xisiuc" {rC++ rN+ Dex-4} (You found it on level 3 of the Crypt)
 81756 | Crypt:3  | Identified the ring "Alipsoc" {Wiz Str+3} (You found it on level 3 of the Crypt)
 81765 | Crypt:3  | Identified the amulet "Wimebrie" {rPois MR+++ Regen+ Dex-5 Stlth+} (You found it on level 3 of the Crypt)
 81829 | Crypt:3  | Reached skill level 5 in Stealth
 81994 | Crypt:3  | Noticed an ancient lich
 82001 | Crypt:3  | Killed an ancient lich
 82577 | Tomb:1   | Entered Level 1 of the Tomb of the Ancients
 83681 | Tomb:1   | Noticed a greater mummy
 83690 | Tomb:1   | Killed a greater mummy
 83978 | Tomb:1   | Noticed a greater mummy
 83991 | Tomb:1   | Killed a greater mummy
 84137 | Tomb:1   | Identified the Papyrus of Conjuration
 84158 | Tomb:1   | Noticed a greater mummy
 84172 | Tomb:1   | Killed a greater mummy
 84987 | Tomb:2   | Noticed a greater mummy
 84989 | Tomb:2   | Noticed an ancient lich
 85206 | Tomb:2   | Noticed a greater mummy
 85207 | Tomb:2   | Noticed a greater mummy
 85474 | Tomb:1   | Killed an ancient lich
 85704 | Tomb:1   | Killed a greater mummy
 86030 | Tomb:2   | Killed a greater mummy
 86338 | Tomb:1   | Killed a greater mummy
 86338 | Tomb:1   | Received a gift from Okawaru
 86338 | Tomb:1   | Reached skill level 10 in Invocations
 86345 | Tomb:1   | Got a distressingly furry cloak {god gift}
 86359 | Tomb:1   | Identified the +0 cloak of Death's Door {rPois MR- Regen+ Dex-2} (Okawaru gifted it to you on level 1 of the Tomb of the Ancients)
 87253 | Tomb:1   | Noticed a greater mummy
 87254 | Tomb:1   | Noticed a greater mummy
 87259 | Tomb:1   | Noticed a greater mummy
 87260 | Tomb:1   | Noticed a greater mummy
 87263 | Tomb:1   | Noticed a greater mummy
 87269 | Tomb:2   | Killed a greater mummy
 87977 | Tomb:2   | Killed a greater mummy
 87977 | Tomb:2   | Reached skill level 10 in Stealth
 88022 | Tomb:2   | Killed a greater mummy
 88421 | Tomb:1   | Noticed a greater mummy
 88429 | Tomb:2   | Killed a greater mummy
 88442 | Tomb:1   | Killed a greater mummy
 88449 | Tomb:1   | Killed a greater mummy
 88503 | Tomb:1   | Noticed a greater mummy
 88505 | Tomb:1   | Noticed a greater mummy
 88534 | Tomb:1   | Killed a greater mummy
 88549 | Tomb:1   | Killed a greater mummy
 88627 | Tomb:1   | Noticed a greater mummy
 88634 | Tomb:1   | Noticed a greater mummy
 88636 | Tomb:1   | Noticed a greater mummy
 88639 | Tomb:1   | Killed a greater mummy
 88641 | Tomb:1   | Noticed a greater mummy
 88703 | Tomb:1   | Killed a greater mummy
 88742 | Tomb:1   | Killed a greater mummy
 88756 | Tomb:1   | Killed a greater mummy
 89070 | Tomb:1   | Noticed a greater mummy
 89078 | Tomb:1   | Killed a greater mummy
 89224 | Tomb:1   | Noticed a greater mummy
 89224 | Tomb:1   | Noticed a greater mummy
 89225 | Tomb:1   | Noticed a greater mummy
 89225 | Tomb:1   | Noticed a greater mummy
 89652 | Tomb:1   | Noticed a greater mummy
 89667 | Tomb:1   | Killed a greater mummy
 89706 | Tomb:1   | Noticed a greater mummy
 89709 | Tomb:1   | Noticed a greater mummy
 90692 | Tomb:1   | Killed a greater mummy
 90837 | Tomb:1   | Killed a greater mummy
 90841 | Tomb:1   | Killed a greater mummy
 90841 | Tomb:1   | Received a gift from Okawaru
 91375 | Tomb:1   | Killed a greater mummy
 91416 | Tomb:1   | Killed a greater mummy
 91763 | Tomb:1   | Killed a greater mummy
 92705 | Tomb:3   | Entered Level 3 of the Tomb of the Ancients
 93508 | Tomb:3   | Reached skill level 15 in Invocations
 93509 | Tomb:3   | Lost intelligence.
 93511 | Tomb:3   | Noticed a greater mummy
 94741 | Tomb:3   | Noticed a greater mummy
 95313 | Tomb:3   | Noticed a greater mummy
 95647 | Tomb:3   | Noticed a greater mummy
 95647 | Tomb:3   | Noticed a greater mummy
 95654 | Tomb:2   | Killed a greater mummy
 98351 | D:14     | Received a gift from Okawaru
 98554 | Lair:2   | Lost mutation: Your muscles are strong. (Str +2) [potion of cure mutation]
 98554 | Lair:2   | Lost mutation: You have an increased reservoir of magic (+10% MP). [potion of cure mutation]
100736 | Lair:2   | Lost intelligence.
102521 | Tomb:2   | Killed a greater mummy
103217 | Tomb:3   | Noticed a greater mummy
103248 | Tomb:2   | Killed a greater mummy
103968 | Tomb:3   | Noticed a greater mummy
103972 | Tomb:3   | Killed a greater mummy
103972 | Tomb:3   | Reached skill level 10 in Evocations
104275 | Tomb:2   | Killed a greater mummy
104391 | Tomb:2   | Killed a greater mummy
104399 | Tomb:2   | Killed a greater mummy
105243 | Tomb:3   | Noticed a greater mummy
105564 | Tomb:3   | Killed a greater mummy
105579 | Tomb:3   | Lost intelligence.
106415 | Tomb:3   | Noticed a greater mummy
106416 | Tomb:3   | Lost intelligence.
106426 | Tomb:3   | Killed a greater mummy
106426 | Tomb:3   | Received a gift from Okawaru
106694 | Tomb:3   | Gained mutation: Your magical capacity is low (-10% MP). [a neqoxec]
106935 | Tomb:3   | Identified the Almanac of Congealing Hexes
106939 | Tomb:3   | Identified The Lost Compendium of Sif Muna
106942 | Tomb:3   | Got a bloodstained scimitar
107007 | Tomb:3   | Got a fine lead amulet
107160 | Tomb:3   | Got a twisted scale mail
107171 | Tomb:3   | Identified the cursed +0 scale mail "Afedepul" {*Contam rF++ Regen+ Dex+4} (You found it on level 3 of the Tomb of the Ancients)
107184 | Tomb:3   | Lost intelligence.
107184 | Tomb:3   | Gained mutation: You are dopey. (Int -2) [mutagenic glow]
107215 | Tomb:3   | Identified the amulet "Qestala" {Dismiss rElec} (You found it on level 3 of the Tomb of the Ancients)
107224 | Tomb:3   | Identified the cursed +1 scimitar of Vengeance {distort, *Noise rPois Dex+6 Stlth+} (You found it on level 3 of the Tomb of the Ancients)
107411 | Tomb:3   | Got a golden rune of Zot
109326 | Zot:1    | Entered Level 1 of the Realm of Zot
111798 | Zot:2    | Noticed an orb of fire
111807 | Zot:2    | Killed an orb of fire
111924 | Zot:2    | Received a gift from Okawaru
111967 | Zot:2    | Got a steaming scimitar {god gift}
111968 | Zot:2    | Identified the +5 scimitar "Imoock" {freeze, rPois} (Okawaru gifted it to you on level 2 of the Realm of Zot)
113424 | Zot:3    | Received a gift from Okawaru
113498 | Zot:3    | Received a gift from Okawaru
114120 | Zot:4    | Killed from afar by an electric golem

Skill      XL: |  1  2  3  4  5  6  7  8  9 10 11 12 13 14 15 16 17 18 19 20 21 22 23 24 25 26 27 |
---------------+----------------------------------------------------------------------------------+-----
Armour         | 4 5 6 8 9 10 11 12 13 14 15 16 17 18 19 20 21 24 27 | 27.0
Fighting       | 4 5 6 7 8 9 10 11 12 14 15 16 17 18 19 20 21 22 23 25 27 | 27.0
Shields        | 4 5 6 7 8 10 12 14 16 17 18 19 20 21 22 23 24 25 26 27 | 27.0
Dodging        | 1 2 3 4 5 6 7 8 9 |  9.0
Long Blades    | 3 4 5 6 7 9 10 12 14 15 17 19 20 21 22 23 24 26 27 | 27.0
Stealth        | 1 2 13 | 13.2
Invocations    | 1 2 3 4 21 | 21.6
Evocations     | 1 2 3 4 12 | 12.4
Throwing       | 2 |  2.1
Unarmed Combat | 2 |  2.4
Spellcasting   | 1 |  1.4

Action                   |  1- 3 |  4- 6 |  7- 9 | 10-12 | 13-15 | 16-18 | 19-21 | 22-24 | 25-27 || total
-------------------------+-------+-------+-------+-------+-------+-------+-------+-------+-------++-------
Melee: Long sword        |    93 |   102 |   310 |   551 |       |       |    34 |       |       ||  1090
       Headbutt          |    17 |    13 |    92 |   238 |   423 |   490 |   440 |   525 |  1308 ||  3546
       Falchion          |       |       |   111 |    64 |       |       |       |       |       ||   175
       Scimitar          |       |       |       |    75 |  1020 |       |       |       |       ||  1095
       Double sword      |       |       |       |       |   354 |  1502 |  1421 |  1410 |  3647 ||  8334
Invok: Heroism           |       |       |     1 |    15 |     5 |     8 |    11 |    10 |    43 ||    93
       Finesse           |       |       |       |       |       |       |     1 |     1 |       ||     2
Evoke: Wand              |       |       |       |       |       |     4 |    17 |     4 |    28 ||    53
  Use: Scroll            |       |       |    16 |     9 |    18 |     5 |    19 |    13 |    43 ||   123
       Potion            |       |       |     2 |       |     2 |     5 |    11 |     3 |    14 ||    37
 Stab: Distracted        |       |       |       |       |       |     2 |       |       |     1 ||     3
       Confused          |       |       |       |       |       |       |       |       |     2 ||     2
  Eat: Chunk             |     2 |     5 |    12 |    15 |    38 |    35 |    39 |    50 |   152 ||   348
       Beef jerky        |       |       |     1 |       |       |     5 |     2 |     9 |     5 ||    22
       Fruit             |       |       |       |     2 |     1 |     2 |     6 |     1 |    12 ||    24
       Royal jelly       |       |       |       |       |     1 |     2 |       |       |       ||     3
       Pizza             |       |       |       |       |       |       |     1 |       |     1 ||     2
       Meat ration       |       |       |       |       |       |       |       |       |    19 ||    19
Armor: Scale mail        |    58 |     8 |       |       |       |       |       |       |       ||    66
       Plate armour      |       |   105 |   178 |   260 |   728 |  1089 |   358 |       |       ||  2718
       Crystal plate arm |       |       |       |       |       |       |   246 |   394 |       ||   640
       Gold dragon armou |       |       |       |       |       |       |       |   303 |  1249 ||  1552
Dodge: Dodged            |    37 |    42 |    59 |    92 |   590 |  1016 |   585 |   562 |  1234 ||  4217
Block: Shield            |    63 |    88 |   134 |       |       |       |       |       |       ||   285
       Large shield      |       |       |   222 |   792 |   554 |       |       |       |  3421 ||  4989
       Buckler           |       |       |       |       |   501 |   944 |   638 |  1045 |  1023 ||  4151
       Reflection        |       |       |       |       |     5 |    66 |    41 |    76 |    95 ||   283
